 Dungeon Crawl Stone Soup version 0.29-a0-997-gf6f7e2dfe7 (webtiles) character file.

Game seed: 9157193810594843609

563 xian the Covered (level 7, -12/61 HPs)
             Began as a Minotaur Fighter on Aug 5, 2022.
             Was an Initiate of Gozag.
             Mangled by an ogre
             ... wielding a +0 giant club
              (22 damage)
             ... on level 5 of the Dungeon.
             The game lasted 00:14:19 (5839 turns).

xian the Covered (Minotaur Fighter)                 Turns: 5839, Time: 00:14:20

Health: -12/61     AC:  3    Str: 26    XL:     7   Next: 10%
Magic:  6/6        EV: 12    Int:  5    God:    Gozag
Gold:   263        SH:  0    Dex: 10    Spells: 6/6 levels left

rFire   . . .      SeeInvis .   u - +3 battleaxe (vorpal)
rCold   + . .      Faith    .   (shield currently unavailable)
rNeg    . . .      Spirit   .   p - +1 robe of the Sacrificial Victim {rC+ Str+4}
rPois   .          Reflect  .   (helmet restricted)
rElec   .          Harm     .   (no cloak)
rCorr   .          Rampage  .   (no gloves)
Will    .....                   (no boots)
Stlth   +.........              v - amulet of the acrobat
HPRegen 0.20/turn               (no ring)
MPRegen 0.10/turn               (no ring)

@: gold aura
A: horns 2, retaliatory headbutt
a: Renounce Religion, Potion Petition, Call Merchant, Bribe Branch


You were on level 5 of the Dungeon.
You worshipped Gozag.
Gozag was aware of your devotion.
You visited 1 branch of the dungeon, and saw 5 of its levels.

You collected 299 gold pieces.
You paid 36 gold pieces to Gozag.

Inventory:

Hand Weapons
 r - a +4 sling
 u - a +3 vorpal battleaxe (weapon)
Missiles
 m - 2 poisoned darts (quivered)
Armour
 c - a +0 buckler
 p - the +1 robe of the Sacrificial Victim (worn) {rC+ Str+4}
   (You found it on level 2 of the Dungeon)

   Str:       It affects your strength (+4).
   rC:        It protects you from cold.
Jewellery
 v - an amulet of the acrobat (around neck)
Scrolls
 a - 3 scrolls of silence
 d - 2 scrolls of identify
 h - a scroll of enchant weapon
 j - 3 scrolls of enchant armour {unknown}
 k - a scroll of amnesia
 n - a scroll of poison
 o - a scroll of teleportation
 t - a scroll of immolation {unknown}
 x - a scroll of fear {unknown}
Potions
 b - 2 potions of invisibility
 e - 2 potions of lignification {unknown}
 f - 2 potions of curing
 g - a potion of magic {unknown}
 i - 4 potions of brilliance {unknown}
 l - a potion of degeneration {unknown}
 q - a potion of heal wounds {unknown}
 s - 2 potions of mutation {unknown}
 w - a potion of resistance


   Skills:
 + Level 5.1 Fighting
 + Level 3.0 Short Blades
 + Level 0.3(2.2) Axes
 + Level 3.7 Maces & Flails
 + Level 2.0 Ranged Weapons
 + Level 0.2 Throwing
 + Level 5.9 Armour
 + Level 1.9 Dodging
 + Level 0.3 Stealth
 + Level 4.6 Shields
 + Level 0.9 Unarmed Combat


You had 6 spell levels left.
You didn't know any spells.
Your spell library contained the following spells:

 Spells                   Type           Power      Damage    Failure   Level
 Passwall                 Tmut/Erth      0%         N/A       63%         2
 Inner Flame              Hex/Fire       0%         N/A       85%         3
 Ozocubu's Armour         Ice            0%         N/A       85%         3
 Cause Fear               Hex            0%         N/A       99%         4
 Petrify                  Tmut/Erth      0%         N/A       99%         4
 Lee's Rapid Deconstruct  Erth           0%         3d5*      100%        5
 Metabolic Englaciation   Hex/Ice        0%         N/A       100%        5
 Discord                  Hex            0%         N/A       100%        8
 Shatter                  Erth           0%         3d5*      100%        9
 Simulacrum               Ice/Necr       Unusable   N/A       N/A         6

Dungeon Overview and Level Annotations

Branches:
Dungeon (5/15)             Temple (0/1) D:5

Altars:
Gozag
Nemelex Xobeh
Xom

Annotations:
D:4 1 transporter


Innate Abilities, Weirdness & Mutations

You have a pair of horns on your head.
You reflexively headbutt those who attack you in melee.


Message History

You now have 263 gold pieces (gained 7).
You open the door.
There is an open door here.
You open the door.
Found 4 stones.
There is an open door here.
You see here 4 stones.
You open the door.
There is an open door here.
An orc comes into view. It is wielding a +0 trident.
The orc shouts!
You hear a shout!
A quokka comes into view.
The quokka moves out of view.
The orc misses you.
An ogre comes into view. It is wielding a +0 giant club.
Found a stone staircase leading down.
The ogre shouts!
The orc barely misses you. You furiously retaliate!
You headbutt the orc!
You kill the orc!
Things that are here:
6 gold pieces; a +0 trident; a +0 leather armour The ogre completely misses you.
You hit the ogre. Your headbutt misses the ogre.
The ogre is lightly wounded.
The ogre hits you with a +0 giant club!!
You slash the ogre!
The ogre is heavily wounded.
The ogre barely misses you. You furiously retaliate!
You headbutt the ogre. The quokka closely misses you. You furiously retaliate!
You headbutt the quokka!
You kill the quokka!
You barely miss the ogre. Your headbutt misses the ogre.
The ogre is severely wounded.
The ogre hits you with a +0 giant club!!
* * * LOW HITPOINT WARNING * * *
You barely miss the ogre. You headbutt the ogre.
The ogre is almost dead.
The ogre hits you with a +0 giant club!!
You die...
Your body crumbles into a pile of gold.

#......# #......#
#......# #.>....#
##......# #.......#
#.O$....# #@.....#
##......# #.$.....#
### #.......#
#.######......#
######.....##......#
##....#.....#.......#
#...........#.......#
#.....###'####......#


You could see an ogre.

Vanquished Creatures
  Prince Ribbit (D:5)
  Blork the orc (D:4)
  A hound (D:5)
  Ijyb (D:3)
  Robin (D:3)
  A gnoll (D:3)
  7 adders
  A river rat (D:3)
  10 worms
  6 dart slugs
  9 orcs
  15 ball pythons
  6 bats
  2 endoplasms
  3 giant cockroaches
  11 goblins
  7 hobgoblins
  7 jackals
  8 kobolds
  4 quokkas
  A frilled lizard (D:2)
  13 rats
116 creatures vanquished.

Notes
Turn   | Place    | Note
-------+----------+-------------------------------------------
     0 | D:1      | xian the Minotaur Fighter began the quest for the Orb.
     0 | D:1      | Reached XP level 1. HP: 19/19 MP: 0/0
   617 | D:1      | Reached XP level 2. HP: 27/27 MP: 1/1
  1343 | D:1      | Found a faded altar of an unknown god.
  1553 | D:2      | Reached XP level 3. HP: 33/33 MP: 2/2
  1855 | D:2      | Found a shimmering altar of Xom.
  1940 | D:2      | Identified the +1 robe of the Sacrificial Victim {rC+
                  | Str+4}
  2578 | D:3      | Reached XP level 4. HP: 31/40 MP: 3/3
  2642 | D:3      | Noticed Ijyb
  2650 | D:3      | Killed Ijyb
  2968 | D:3      | Reached skill level 1 in Short Blades
  2984 | D:3      | Reached XP level 5. HP: 30/47 MP: 4/4
  3037 | D:3      | Reached skill level 1 in Dodging
  3704 | D:3      | Noticed Robin
  3716 | D:3      | Killed Robin
  3718 | D:3      | Reached skill level 5 in Armour
  3924 | D:3      | Got Hucwedue's Octavo of Stones
  4090 | D:3      | Found an opulent altar of Gozag.
  4268 | D:3      | Became a worshipper of Gozag Ym Sagoz the Greedy
  4537 | D:4      | Noticed Blork the orc
  4549 | D:4      | Killed Blork the orc
  4550 | D:4      | Reached XP level 6. HP: 7/53 MP: 5/5
  5079 | D:4      | Found a sparkling altar of Nemelex Xobeh.
  5079 | D:4      | Found a transporter.
  5080 | D:4      | Noticed a wyvern
  5081 | D:4      | Noticed a steam dragon
  5408 | D:5      | Entered Level 5 of the Dungeon
  5538 | D:5      | Reached skill level 1 in Ranged Weapons
  5736 | D:5      | Found a staircase to the Ecumenical Temple.
  5772 | D:5      | Noticed Prince Ribbit
  5783 | D:5      | Killed Prince Ribbit
  5784 | D:5      | Reached skill level 5 in Fighting
  5784 | D:5      | Reached XP level 7. HP: 61/61 MP: 6/6
  5839 | D:5      | Mangled by an ogre

Illustrated notes

Levels and vault maps discovered:
D:1:      sevenhm_arrival_forest_fort_small_6, layout_basic,
          shapermc_ecumenical_altar_mp_highgroup
D:2:      layout_loops_corners, basic_altar
D:3:      minmay_general_purpose_star, layout_basic, grunt_gozag_breadcrumbs,
          lightli_sewer_entry_pipes, uniq_ijyb, uniq_robin
D:4:      layout_cave_pools, grunt_nemelex_the_gamble, kennysheep_boxes,
          uniq_blork_the_orc
D:5:      layout_gridville, minmay_temple_entry_mist, nicolae_shop_firing_range,
          uniq_prince_ribbit1

Skill      XL: |  1  2  3  4  5  6 |
---------------+-------------------+-----
Fighting       | 4 5 |  5.1
Shields        | 4 |  4.6
Armour         | 4 5 |  5.9
Maces & Flails | 3 |  3.7
Short Blades   | 1 2 3 |  3.0
Dodging        | 1 |  1.9
Ranged Weapons | 2 |  2.0
Axes           | |  0.3
Throwing       | |  0.2
Stealth        | |  0.3
Unarmed Combat | |  0.9

Action                   |  1- 3 |  4- 6 |  7- 9 || total
-------------------------+-------+-------+-------++-------
Melee: Flail             |   105 |       |       ||   105
       Headbutt          |    15 |    33 |     1 ||    49
       Dagger            |    20 |   169 |       ||   189
       Unarmed           |       |    24 |       ||    24
       Battleaxe         |       |     4 |     4 ||     8
 Fire: Sling             |       |    20 |       ||    20
Throw: Dart              |       |     2 |       ||     2
  Use: Scroll            |     7 |     2 |       ||     9
       Potion            |       |     1 |       ||     1
Armor: Scale mail        |    70 |    79 |       ||   149
Dodge: Dodged            |    54 |    86 |     5 ||   145
Block: Buckler           |    26 |    38 |       ||    64

Table legend: (Time is in decaauts)
 A = Elapsed time spent in this place.
 B = Non-inter-level travel time spent in this place.
 C = Inter-level travel time spent in this place.
 D = Time resting spent in this place.
 E = Time spent auto-exploring this place.
 F = Levels seen in this place.
 G = Mean time per level.
                   A        B        C        D        E       F      G
               +--------+--------+--------+--------+--------+-----+--------+
         Total |   5922 |   5628 |    294 |      0 |   4175 |   5 | 1184.4 |
       Dungeon |   5922 |   5628 |    294 |      0 |   4175 |   5 | 1184.4 |
               +--------+--------+--------+--------+--------+-----+--------+

Top non-repeatable levels by time:
     D:3: 1933 daAuts
     D:1: 1446 daAuts
     D:2: 1125 daAuts
     D:4: 981 daAuts
     D:5: 435 daAuts
